AoeStats
← old f1sh

Arabia

508467544Analyzed
1v1 RM · 10d ago on Sep 22, 2026· 51m 56s· 2 players
Game mode
Random Map
Map size
Tiny (2 player)
Population
200
Speed
Normal
Resources
Standard
Victory
Conquest
Starting age
Dark Age
Ending age
Imperial Age
RankedLock teamsTeams togetherTeam positionsShared explorationLock speedFull tech treeHidden civsTurbo modeCheats
Victory
Defeat
🇦🇷 Magyars · Argentina
1716
+14
🇨🇳 Random · China
1673
-14
old f1sh
6:43 Loom
8:57 Feudal Age
9:32 Double-Bit Axe
15:45 Bloodlines
17:01 Wheelbarrow
22:15 Castle Age
22:30 Crossbowman
23:01 Fletching
23:01 Light Cavalry
28:30 Bodkin Arrow
31:13 Horse Collar
31:49 Bow Saw
31:48 Padded Archer Armor
33:30 Heavy Plow
39:03 Imperial Age
36:37 Husbandry
37:13 Scale Barding Armor
37:19 Forging
37:07 Town Watch
39:18 Chain Barding Armor
39:33 Iron Casting
39:10 Cavalier
40:50 Plate Barding Armor
40:03 Vendel Legacy
44:14 Gold Mining
44:14 Stone Mining
43:51 Hussar
45:08 Elite Skirmisher
46:04 Leather Archer Armor
46:57 Blast Furnace
49:36 Ring Archer Armor
49:07 Bracer
51:18 Chemistry
50:38 Ballistics
51:03 Hand Cart
50:34 Capped Ram
TGT | Diegote22
9:52 Loom
11:41 Feudal Age
16:11 Castle Age
15:57 Double-Bit Axe
20:38 Bow Saw
26:20 Scale Barding Armor
26:23 Town Watch
26:56 Horse Collar
30:01 Chain Barding Armor
30:30 Wheelbarrow
30:33 Bloodlines
35:19 Imperial Age
33:55 Hand Cart
34:08 Corvinian Army
37:21 Chemistry
36:12 Fletching
37:33 Plate Barding Armor
37:09 Bodkin Arrow
37:37 Ballistics
37:13 Gold Mining
37:46 Husbandry
39:17 Bracer
39:50 Conscription
40:03 Padded Archer Armor
40:53 Thumb Ring
41:00 Heavy Cavalry Archer
43:01 Recurve Bow
45:13 Elite Magyar Huszar
47:10 Parthian Tactics
47:02 Leather Archer Armor
49:34 Masonry
Connection lost

Rejoining the realm…

Still unreachable

The connection could not be restored.

Session expired

The server has moved on; the page needs a fresh start.